 Dungeon Crawl Stone Soup version 0.24-a0-441-g27f0392e16 (webtiles) character file.

Game seed: 14407113514018762641

114704 Azzok the Executioner (level 17, -8/115 HPs)
             Began as a Formicid Fighter on June 20, 2019.
             Was a High Priest of Okawaru.
             Killed from afar by a fire dragon (36 damage)
             ... with a blast of flame
             ... on level 15 of the Dungeon.
             The game lasted 01:01:26 (36434 turns).

Azzok the Executioner (Formicid Fighter)           Turns: 36434, Time: 01:01:28

Health: -8/115     AC: 30    Str: 28    XL:     17   Next: 21%
Magic:  18/25      EV: 10    Int: 10    God:    Okawaru [*****.]
Gold:   2196       SH: 14    Dex: 13    Spells: 16/16 levels left

rFire    . . .     SeeInvis +   v - +6 broad axe of Ituetees {freeze, rN++ SInv}
rCold    + . .     Gourm    .   c - +0 shield
rNeg     + + +     Faith    .   j - +4 plate armour {rC+}
rPois    .         Spirit   .   (helmet unavailable)
rElec    +         Reflect  .   K - +0 cloak
rCorr    .         Harm     .   I - +1 pair of gloves {Dex+3}
MR       +++++     Clarity  +   p - +0 pair of boots "Joegyu" {-Tele rElec MR+ Str+2}
Stlth    ..........             q - amulet of the Four Winds {rN+ MR+++ Clar}
HPRegen  0.29/turn              C - +5 ring of protection
MPRegen  0.19/turn              d - +3 ring of slaying

@: heroism, finesse
A: permanent stasis, dig shafts and tunnels, four strong arms, antennae 3
a: Dig, Shaft Self, Heroism, Finesse, Renounce Religion


You were on level 15 of the Dungeon.
You worshipped Okawaru.
Okawaru was extremely pleased with you.
You were not hungry.

You visited 4 branches of the dungeon, and saw 24 of its levels.

You collected 2228 gold pieces.
You spent 32 gold pieces at shops.

Inventory:

Hand Weapons
 v - the +6 broad axe of Ituetees (weapon) {freeze, rN++ SInv}
   (You found it on level 11 of the Dungeon)

   It has been specially enchanted to freeze those struck by it, causing extra
   injury to most foes and up to half again as much damage against particularly
   susceptible opponents.
   It can also slow down cold-blooded creatures.
   It greatly protects you from negative energy.
   It lets you see invisible.
 H - the +8 battleaxe "Xinur" {flame, *Rage *Corrode +Fly rElec}
   (Okawaru gifted it to you on level 3 of the Lair of Beasts)

   It has been specially enchanted to burn those struck by it, causing extra
   injury to most foes and up to half again as much damage against particularly
   susceptible opponents.
   Big, fiery blades are also staple armaments of hydra-hunters.
   It insulates you from electricity.
   It lets you fly.
   It may make you go berserk in combat.
   It may corrode you when you take damage.
 Q - a +2 executioner's axe of electrocution
Armour
 c - a +0 shield (worn)
 j - a +4 plate armour of cold resistance (worn)
 p - the +0 pair of boots "Joegyu" (worn) {-Tele rElec MR+ Str+2}
   (Okawaru gifted it to you on level 15 of the Dungeon)

   It affects your strength (+2).
   It insulates you from electricity.
   It affects your resistance to hostile enchantments.
   It prevents most forms of teleportation.
 I - a +1 pair of gloves of dexterity (worn)
 K - a +0 cloak (worn)
Jewellery
 d - a +3 ring of slaying (right hand)
 q - the amulet of the Four Winds (around neck) {rN+ MR+++ Clar}
   (You found it on level 5 of the Lair of Beasts)

   [amulet of nothing]

   It protects you from negative energy.
   It affects your resistance to hostile enchantments.
   It protects you against confusion.
 C - a +5 ring of protection (left hand)
 F - an uncursed ring of poison resistance
Wands
 n - a wand of iceblast (11)
 x - a wand of flame (13)
 y - a wand of acid (8)
 M - a wand of clouds (4)
Scrolls
 a - 4 scrolls of random uselessness {unknown}
 b - 6 scrolls of immolation {unknown}
 k - 13 scrolls of remove curse
 l - 3 scrolls of enchant weapon {unknown}
 m - 7 scrolls of enchant armour
 o - 6 scrolls of magic mapping
 r - 3 scrolls of fear
 s - a scroll of noise {unknown}
 z - a scroll of fog
 B - 3 scrolls of summoning {unknown}
 E - 2 scrolls of silence
 N - 2 scrolls of brand weapon
 P - 3 scrolls of torment
Potions
 e - 8 potions of curing
 g - 4 potions of lignification
 h - 4 potions of agility
 i - 4 potions of mutation {!q}
 t - 3 potions of invisibility
 w - 3 potions of cancellation
 J - a potion of flight
 L - 2 potions of might
 O - 2 potions of ambrosia
 R - a potion of heal wounds
Miscellaneous
 A - a phantom mirror
 G - a box of beasts
Comestibles
 f - 31 rations


   Skills:
 - Level 5.0(10.0) Fighting
 + Level 22.1(27) Axes
 - Level 7.0(12.0) Armour
 - Level 9.1(14.1) Shields
 - Level 11.0 Invocations
 - Level 11.0 Evocations


You had 16 spell levels left.
You didn't know any spells.
Your spell library contained the following spells:

 Spells                   Type           Power        Failure   Level  Hunger
 Animate Skeleton         Necr           N/A          95%         1    ##.....
 Apportation              Tloc           #.....       95%         1    ##.....
 Magic Dart               Conj           #...         95%         1    ##.....
 Pain                     Necr           #...         95%         1    ##.....
 Sting                    Conj/Pois      #...         95%         1    ##.....
 Call Imp                 Summ           #.......     99%         2    ###....
 Corpse Rot               Necr           N/A          99%         2    ###....
 Searing Ray              Conj           #.....       99%         2    ###....
 Slow                     Hex            #.......     99%         2    ###....
 Sublimation of Blood     Necr           #.........   99%         2    ###....
 Conjure Flame            Conj/Fire      #.......     100%        3    ####...
 Dazzling Spray           Conj/Hex       #.....       100%        3    ####...
 Mephitic Cloud           Conj/Pois/Air  #.......     100%        3    ####...
 Regeneration             Chrm/Necr      #.........   100%        3    ####...
 Vampiric Draining        Necr           #.........   100%        3    ####...
 Animate Dead             Necr           N/A          100%        4    #####..
 Force Lance              Conj/Tloc      #.......     100%        4    #####..
 Fulminant Prism          Conj/Hex       #.........   100%        4    #####..
 Iskenderun's Mystic Bla  Conj           #.......     100%        4    #####..
 Agony                    Necr           #.......     100%        5    ######.
 Bolt of Draining         Conj/Necr      #.........   100%        5    ######.
 Dispel Undead            Necr           #.......     100%        5    ######.
 Excruciating Wounds      Chrm/Necr      #.........   100%        5    ######.
 Iron Shot                Conj/Erth      #.........   100%        6    #######
 Blink                    Tloc           Unusable     N/A         2    N/A

Dungeon Overview and Level Annotations

Branches:
Dungeon (15/15)            Temple (1/1) D:6            Lair (6/6) D:9
 Shoals (0/4) Lair:2       Spider (0/4) Lair:4        Slime (0/5) Lair:6
    Orc (2/2) D:11            Elf (0/3) Orc:2        Vaults (0/5) D:14
 Depths: D:15

Altars:
Cheibriados
Dithmenos
Elyvilon
Fedhas
Hepliaklqana
Makhleb
Nemelex Xobeh
Okawaru
Ru
Trog
Vehumet
Wu Jian
Yredelemnul
Zin
Beogh
Jiyva

Shops:
D:14 :}==   D:15 ?   Orc:2 :([[

Portals:
Trove: D:10 (show abyssal rune of Zot)

Annotations:
D:8 3 runed translucent doors, Ijustatesigmund's ghost, novice OgHu
Orc:1 2 transporters, nht's ghost, journeyman TrFi


Innate Abilities, Weirdness & Mutations

You cannot be hasted, slowed, berserked, paralysed or teleported.
You can dig through walls and to a lower floor.
Your four strong arms can wield two-handed weapons with a shield.
You have a pair of large antennae on your head. (SInv)


Message History

You gain the combat prowess of a mighty hero.
The fire dragon bites you but does no damage.
You block the fire dragon's attack. The fire dragon barely misses you.
You can now deal lightning-fast blows.
You block the fire dragon's attack. x2
The fire dragon tramples you but does no damage.
You slice the fire dragon!! You freeze the fire dragon!
The fire dragon is heavily wounded.
You block the fire dragon's attack. The fire dragon claws you.
* * * LOW HITPOINT WARNING * * *
You block the fire dragon's attack.
You closely miss the fire dragon.
The fire dragon is heavily wounded.
You slash the fire dragon! You freeze the fire dragon!
The fire dragon is severely wounded.
You hit the fire dragon. You freeze the fire dragon.
The fire dragon is almost dead.
The fire dragon breathes flames at you. The blast of flame hits you!!!
You die...

··▒··<·▒ ▒·····▒▒·▒··▒▒·▒·▒
▒▒▒▒▒··▒▒▒▒▒····▒·▒·▒··▒▒·▒·▒
··▒··········▒▒▒·▒··▒··▒▒·▒·▒
▒·▒········▒▒▒▒·▒···▒··▒▒·▒<▒▒▒▒▒
▒···▒▒▒▒▒▒·····▒▒·▒····▒▒·▒······
▒▒▒▒▒ ▒▒▒▒▒▒▒······▒▒▒·▒▒▒▒▒▒▒
$$$$· ▒▒·8··▒▒ ▒·▒ ▒
······▒▒···▒▒ ▒·▒ ▒ ▒·D@··▒▒
▒·▒▒▒▒▒▒▒ ······▒▒▒▒▒ ▒·▒▒···)·
$$$$· ▒·▒ ▒▒▒·▒▒·▒▒▒▒
▒▒▒▒▒▒▒▒▒▒·▒ ▒···▒▒·▒
▒········▒·▒▒▒▒▒·▒▒▒▒·▒
▒·▒▒▒▒▒▒·▒···[···▒ ▒·▒ ▒·▒
▒·▒··▒▒▒▒▒▒ ▒·▒ ▒·▒ ▒·▒··▒ ▒·▒
▒▒▒▒▒▒▒▒·▒ ▒····▒ ▒·▒


You could see a fire dragon.

Vanquished Creatures
  Jorgrun (D:14)
  Kirke (Lair:5)
  Frances (D:13)
  A fire giant (D:11)
  An orc warlord (Orc:1)
  An ironheart preserver (D:14)
  A stone giant (Orc:2)
  Nessos (D:14)
  An ettin (D:11)
  A fire dragon (D:15)
  Josephine (D:12)
  A merfolk avatar (Lair:6)
  4 centaur warriors
  A catoblepas (D:14)
  3 two-headed ogres
  5 hydras
  5 tengu warriors
  14 death yaks
  A deep troll earth mage (D:11)
  Nergalle (D:11)
  5 skeletal warriors (D:14)
  A deep troll (D:11)
  3 unseen horrors
  2 sea snakes (Lair:6)
  Pikel (D:4)
  A harpy (Lair:6)
  2 deep elf magi
  3 orc knights
  8 orc sorcerers
  13 ugly things
  A wolf spider zombie (D:12)
  8 cyclopes
  8 manticores
  8 elephants
  7 black mambas
  8 spiny frogs
  8 centaur zombies
  4 gargoyles
  A freezing wraith (D:11)
  8 komodo dragons
  2 efreet
  A demonic crawler (Lair:4)
  2 kobold demonologists
  2 rime drakes (Lair:6)
  2 tengu conjurers
  A wind drake (Lair:6)
  6 hornets
  8 trolls
  16 blink frogs
  A hippogriff (shapeshifter) (D:14)
  8 polar bears
  7 slime creatures
  7 hippogriffs
  2 centaur simulacra (D:15)
  Sigmund (D:6)
  2 shadows
  6 wyverns
  43 yaks
  A vampire (D:11)
  6 basilisks
  5 wraiths
  6 hogs (Lair:5)
  13 vampire mosquitoes
  Menkaure (Temple)
  6 hungry ghosts
  4 wargs
  9 porcupines
  Duvessa (D:7)
  12 water moccasins
  25 orc warriors
  A sky beast (D:15)
  A slave (D:4)
  6 ice beasts
  A phantom (D:9)
  3 black bears
  10 ogres
  11 crocodiles
  4 wolves (Lair:4)
  19 centaurs
  19 bullfrogs
  2 big kobolds
  A wyvern zombie (D:11)
  A gnoll sergeant (D:7)
  Dowan (D:7)
  A wyvern skeleton (D:10)
  A water moccasin skeleton (D:10)
  10 scorpions
  18 killer bees
  4 howler monkeys
  13 wights
  8 crimson imps
  2 quasits
  9 hounds
  A bullfrog skeleton (D:4)
  6 bullfrog zombies
  A gnoll shaman (D:9)
  2 jellies
  23 orc priests
  24 orc wizards
  9 centaur skeletons
  Terence (D:2)
  3 iguanas
  4 hell rats
  15 worker ants
  A hound zombie (D:5)
  Robin (D:3)
  22 gnolls
  9 adders
  3 shadow imps
  An ooze (D:5)
  8 worms
  5 leopard geckos
  125 orcs
  6 giant cockroaches
  9 goblins
  8 hobgoblins
  8 jackals
  17 kobolds
  10 quokkas
  2 ball pythons
  8 bats
  7 frilled lizards
  A quokka zombie (D:7)
  6 rats
  A bush (Lair:6)
  4 fungi
  2 plants
851 creatures vanquished.

Vanquished Creatures (others)
  An orc priest (Orc:2)
  17 fungi
  26 plants (Lair:6)
44 creatures vanquished.

Grand Total: 895 creatures vanquished

Notes
Turn   | Place    | Note
-------+----------+-------------------------------------------
     0 | D:1      | Azzok the Formicid Fighter began the quest for the Orb.
     0 | D:1      | Reached XP level 1. HP: 18/18 MP: 1/1
   196 | D:1      | Reached XP level 2. HP: 24/24 MP: 2/2
   782 | D:2      | Noticed Terence
   798 | D:2      | Killed Terence
   798 | D:2      | Reached skill level 3 in Axes
   798 | D:2      | Reached XP level 3. HP: 26/29 MP: 3/3
   955 | D:2      | Reached XP level 4. HP: 8/35 MP: 4/4
  1405 | D:2      | Reached skill level 5 in Shields
  1572 | D:3      | Found a burning altar of Makhleb.
  1608 | D:3      | Found a faded altar of an unknown god.
  1647 | D:3      | Found a basalt altar of Yredelemnul.
  1706 | D:3      | Reached XP level 5. HP: 39/41 MP: 5/5
  2108 | D:3      | Noticed Robin
  2143 | D:3      | Killed Robin
  2143 | D:3      | Reached skill level 4 in Axes
  2246 | D:3      | Found a radiant altar of Vehumet.
  2276 | D:3      | Found a white marble altar of Elyvilon.
  2361 | D:3      | Reached XP level 6. HP: 38/47 MP: 6/6
  2601 | D:3      | Noticed a green death
  2608 | D:3      | Found a glowing silver altar of Zin.
  2608 | D:3      | Noticed an angel
  2679 | D:3      | Became a worshipper of Elyvilon the Healer
  3135 | D:4      | Reached skill level 5 in Axes
  3135 | D:4      | Reached XP level 7. HP: 50/52 MP: 7/7
  3809 | D:4      | Noticed Pikel
  3827 | D:4      | Killed Pikel
  3827 | D:4      | Reached skill level 6 in Axes
  3827 | D:4      | Reached XP level 8. HP: 54/58 MP: 8/8
  3915 | D:5      | Entered Level 5 of the Dungeon
  3947 | D:5      | Reached * piety under Elyvilon
  3996 | D:5      | Reached skill level 7 in Axes
  4956 | D:6      | Reached skill level 1 in Invocations
  4981 | D:6      | Found a hazy altar of Hepliaklqana.
  4983 | D:6      | Found a sacrificial altar of Ru.
  5239 | D:6      | Reached XP level 9. HP: 55/64 MP: 10/10
  5301 | D:6      | Reached ** piety under Elyvilon
  5332 | D:6      | Found a staircase to the Ecumenical Temple.
  5459 | Temple   | Entered the Ecumenical Temple
  5470 | Temple   | Fell from the grace of Elyvilon
  5470 | Temple   | Became a worshipper of Warmaster Okawaru
  5548 | D:6      | Found a sparkling altar of Nemelex Xobeh.
  5549 | D:6      | Noticed Sigmund
  5561 | Temple   | Reached skill level 8 in Axes
  5754 | D:6      | Noticed Menkaure
  5861 | Temple   | Killed Menkaure
  5861 | Temple   | Reached skill level 5 in Invocations
  6200 | D:6      | Killed Sigmund
  6200 | D:6      | Reached * piety under Okawaru
  6462 | D:6      | Reached skill level 9 in Axes
  6915 | D:6      | Found a blossoming altar of Fedhas.
  6917 | D:6      | Found an ornate altar of the Wu Jian Council.
  7122 | D:7      | Noticed Duvessa
  7269 | D:6      | Reached ** piety under Okawaru
  7428 | D:7      | Noticed Dowan
  7452 | D:6      | Reached XP level 10. HP: 22/70 MP: 15/15
  7686 | D:7      | Killed Duvessa
  7697 | D:7      | Killed Dowan
  8167 | D:8      | Paralysed by fainting for 7 turns
  8244 | D:8      | Reached skill level 10 in Axes
  8382 | D:8      | Reached *** piety under Okawaru
  8897 | D:7      | Reached skill level 11 in Axes
  9520 | D:8      | Found a runed translucent gate.
  9520 | D:8      | Noticed Ijustatesigmund's ghost (novice OgHu)
  9521 | D:8      | Found a runed translucent gate.
  9521 | D:8      | Noticed a kobold demonologist
  9522 | D:8      | Found a runed translucent gate.
  9939 | D:9      | Reached **** piety under Okawaru
  9949 | D:9      | Reached skill level 1 in Evocations
  9949 | D:9      | Reached XP level 11. HP: 68/75 MP: 17/17
 10453 | D:9      | Found a burning altar of Makhleb.
 10453 | D:9      | Noticed an Executioner
 10647 | D:9      | Found a staircase to the Lair.
 10785 | D:9      | Found a bloodstained altar of Trog.
 11019 | D:9      | Found a snail-covered altar of Cheibriados.
 11051 | D:9      | Found a shadowy altar of Dithmenos.
 11338 | D:9      | Reached skill level 5 in Evocations
 11919 | D:10     | Entered Level 10 of the Dungeon
 12107 | D:10     | Noticed a two-headed ogre
 12171 | D:9      | Killed a two-headed ogre
 12670 | D:10     | Reached ***** piety under Okawaru
 12755 | D:10     | Found a portal to a secret trove of treasure.
 13948 | D:11     | Reached XP level 12. HP: 69/81 MP: 19/19
 13962 | D:11     | Reached skill level 10 in Evocations
 14091 | D:10     | Reached skill level 12 in Axes
 14494 | D:11     | Noticed a tengu warrior
 14527 | D:11     | Killed a tengu warrior
 15170 | D:11     | Noticed a deep troll
 15473 | Lair:1   | Entered Level 1 of the Lair of Beasts
 15489 | D:9      | Received a gift from Okawaru
 15489 | D:9      | Reached skill level 5 in Armour
 16934 | Lair:1   | Reached skill level 13 in Axes
 17578 | Lair:2   | Found a staircase to the Shoals.
 18386 | Lair:2   | Reached XP level 13. HP: 86/86 MP: 20/20
 18650 | Lair:3   | Reached skill level 14 in Axes
 19112 | Lair:3   | Received a gift from Okawaru
 19115 | Lair:3   | Got an ichor-stained battleaxe {god gift}
 19425 | Lair:3   | Identified the +8 battleaxe "Xinur" {flame, *Rage *Corrode
                  | +Fly rElec} (Okawaru gifted it to you on level 3 of the
                  | Lair of Beasts)
 20014 | Lair:4   | Noticed a six-headed hydra
 20036 | Lair:4   | Killed a two-headed hydra
 20170 | Lair:3   | Reached skill level 15 in Axes
 20406 | Lair:4   | Found a hole to the Spider Nest.
 21448 | Lair:5   | Found the amulet of the Four Winds {rN+ MR+++ Clar}
 21980 | Lair:5   | Reached skill level 16 in Axes
 22287 | Lair:5   | Noticed Kirke
 22299 | Lair:5   | Noticed a sphinx
 22309 | Lair:5   | Killed Kirke
 22599 | Lair:5   | Reached XP level 14. HP: 93/93 MP: 22/22
 22872 | Lair:6   | Entered Level 6 of the Lair of Beasts
 22881 | Lair:5   | Received a gift from Okawaru
 23119 | Lair:5   | Reached skill level 10 in Invocations
 23446 | Lair:6   | Reached skill level 17 in Axes
 23446 | Lair:6   | Received a gift from Okawaru
 24590 | Lair:6   | Reached skill level 5 in Fighting
 24609 | Lair:6   | Reached ****** piety under Okawaru
 24994 | Lair:6   | Got a polished dire flail
 25000 | Lair:6   | Identified the +3 dire flail of Mayhem {speed, *Corrode
                  | Int+7 Dex+2 Stlth+} (You found it on level 6 of the Lair of
                  | Beasts)
 25638 | Lair:6   | Reached XP level 15. HP: 86/103 MP: 23/23
 25720 | Lair:6   | Found a viscous altar of Jiyva.
 25721 | Lair:6   | Found a staircase to the Slime Pits.
 26075 | Lair:6   | Got a transparent whip
 26245 | D:11     | Reached skill level 18 in Axes
 26628 | D:11     | Received a gift from Okawaru
 26730 | D:11     | Noticed a fire giant
 26730 | D:11     | Noticed Nergalle
 26740 | D:11     | Killed Nergalle
 26749 | D:11     | Killed a fire giant
 27166 | D:11     | Identified the Tome of the Voyage and Combat Magic
 27317 | D:11     | Got a slimy broad axe
 27894 | D:11     | Found a staircase to the Orcish Mines.
 27906 | Orc:1    | Entered Level 1 of the Orcish Mines
 28100 | Orc:1    | Noticed nht's ghost (journeyman TrFi)
 28106 | Orc:1    | Found a transporter.
 28113 | Orc:1    | Found a transporter.
 28334 | Orc:2    | Entered Level 2 of the Orcish Mines
 28368 | Orc:2    | Found a roughly hewn altar of Beogh.
 28369 | Orc:2    | Found Sito Waw's Book Shop.
 28555 | Orc:2    | Found a roughly hewn altar of Beogh.
 28635 | Orc:2    | Found a staircase to the Elven Halls.
 29132 | Orc:2    | Found a roughly hewn altar of Beogh.
 29132 | Orc:2    | Found Osu Tar's Armour Shoppe.
 29141 | Orc:2    | Received a gift from Okawaru
 29339 | Orc:2    | Reached skill level 19 in Axes
 29553 | Orc:2    | Found a roughly hewn altar of Beogh.
 29618 | Orc:2    | Found a roughly hewn altar of Beogh.
 29667 | Orc:2    | Noticed a stone giant
 29686 | Orc:2    | Killed a stone giant
 29849 | Orc:2    | Noticed an orc warlord
 30008 | Orc:1    | Killed an orc warlord
 30810 | Orc:2    | Found Xaseres's Antique Weapon Shop.
 30818 | Orc:2    | Found a roughly hewn altar of Beogh.
 30916 | Orc:2    | Found Zapiy's Antique Armour Boutique.
 31817 | D:12     | Noticed Josephine
 31831 | D:12     | Killed Josephine
 32210 | D:12     | Received a gift from Okawaru
 32311 | D:12     | Identified the +6 broad axe of Ituetees {freeze, rN++ SInv}
                  | (You found it on level 11 of the Dungeon)
 32314 | D:12     | Identified the cursed +1 whip of the Chickpea {venom, rElec
                  | rPois Int+4 Dex-2} (You found it on level 6 of the Lair of
                  | Beasts)
 32429 | D:13     | Reached XP level 16. HP: 109/109 MP: 24/24
 32435 | D:13     | Reached skill level 20 in Axes
 33268 | D:13     | Noticed Frances
 33454 | D:13     | Killed Frances
 34104 | D:14     | Found Wino's Book Shoppe.
 34131 | D:14     | Found a gate to the Vaults.
 34351 | D:14     | Reached skill level 21 in Axes
 34461 | D:14     | Noticed Jorgrun
 34468 | D:14     | Killed Jorgrun
 34626 | D:14     | Found Dykaz's Gadget Shoppe.
 35107 | D:14     | Found Xusoisso's Jewellery Shoppe.
 35109 | D:14     | Found Xalu Honki's Jewellery Emporium.
 35132 | D:14     | Noticed Nessos
 35145 | D:14     | Killed Nessos
 35297 | D:15     | Entered Level 15 of the Dungeon
 35370 | D:15     | Received a gift from Okawaru
 35381 | D:15     | Got a pair of jewelled boots {god gift}
 35382 | D:15     | Identified the +0 pair of boots "Joegyu" {-Tele rElec MR+
                  | Str+2} (Okawaru gifted it to you on level 15 of the
                  | Dungeon)
 35609 | D:15     | Reached XP level 17. HP: 92/115 MP: 23/25
 35885 | D:15     | Reached skill level 22 in Axes
 36175 | D:15     | Found Bypee's Magic Scroll Emporium.
 36182 | D:15     | Bought a scroll of identify for 32 gold pieces
 36434 | D:15     | Killed from afar by a fire dragon

Levels and vault maps discovered:
D:1:      roderic_crossed_star, layout_rooms
D:2:      layout_basic, first_ration, uniq_terence
D:3:      layout_loops_corners, grunt_temple_overflow_order_and_chaos_2,
          lemuel_crystal_altar, overflow_temple_1_default,
          nicolae_overflow_crystal_walls, chequers_ecumenical_altar_island,
          uniq_robin
D:4:      layout_basic, uniq_pikel
D:5:      layout_basic, minivault_11
D:6:      layout_loops_ring, nicolae_overflow_hidden_temple,
          nemelex_xobeh_ov_fountains_minmay, minmay_temple_entry_offerings,
          uniq_sigmund, uniq_menkaure
D:7:      layout_cave_pools, uniq_duvessa
D:8:      layout_rooms, gammafunk_ghost_nasty_kobolds, hangedman_pestilent_swarm
D:9:      layout_roguey [special_room_orc], kennysheep_mini, old_standard_altar,
          overflow_temple_1_default, lair_entry_dummy, makhleb_altar_promises_db
D:10:     layout_irregular_city, nicolae_trove_entry_free_sample,
          kennysheep_generic_room_13
D:11:     minmay_box_of_curves, layout_basic, david_orc_4, uniq_nergalle
D:12:     layout_rooms, uniq_josephine
D:13:     layout_gridville, uniq_frances
D:14:     layout_rooms, skrybe_vaults_entry_preservation,
          minmay_staircase_bubble, serial_shops, shop, shop, shop,
          kennysheep_mini_moat, uniq_nessos, uniq_jorgrun
D:15:     grunt_enter_depths_hoard, layout_loops_ring, serial_shops,
          nicolae_shop_competitors_out_of_business,
          chequers_serial_rivers_micro_d
Temple:   nicolae_temple_figure_zero
Lair:1:   layout_loops_ring, grunt_megastairs_3
Lair:2:   layout_chaotic_city, minmay_shoals_entry_beasts
Lair:3:   wander_river, layout_cave_pods, lemuel_fruit_tree, grunt_megastairs_2
Lair:4:   layout_small_grid, nicolae_spider_entry_non_spiders,
          cheibrodos_lair_caveside_slide
Lair:5:   layout_misc_corridors, uniq_kirke
Lair:6:   gammafunk_lair_ancient_temple, layout_loops_ring,
          dpeg_slime_entry_enclosed_altar
Orc:1:    layout_diamond_mine, gammafunk_ghost_stat_death
Orc:2:    grunt_orc_community_town_hall, layout_caves,
          grunt_orc_community_big_house_1, grunt_orc_community_big_house_1,
          grunt_orc_community_house_1, grunt_orc_community_house_3,
          grunt_orc_community_house_3, grunt_orc_community_house_2,
          grunt_orc_community_house_1

Skill      XL: |  1  2  3  4  5  6  7  8  9 10 11 12 13 14 15 16 17 |
---------------+----------------------------------------------------+-----
Shields        | 4 5 6 8 9 |  9.1
Axes           | 3 4 5 6 7 9 11 13 16 17 19 21 22 | 22.1
Invocations    | 2 7 9 11 | 11.0
Evocations     | 1 9 10 11 | 11.0
Armour         | 7 |  7.0
Fighting       | 5 |  5.0

Action                   |  1- 3 |  4- 6 |  7- 9 | 10-12 | 13-15 | 16-18 || total
-------------------------+-------+-------+-------+-------+-------+-------++-------
Melee: War axe           |    65 |    59 |       |    17 |  1117 |       ||  1258
       Hand axe          |       |   125 |    28 |   243 |       |       ||   396
       Dagger            |       |       |   312 |   905 |       |       ||  1217
       Battleaxe         |       |       |       |       |    40 |       ||    40
       Broad axe         |       |       |       |       |     6 |   446 ||   452
Invok: Heroism           |       |       |       |    17 |    15 |    11 ||    43
       Finesse           |       |       |       |     2 |     4 |     2 ||     8
 Abil: Dig               |       |       |       |     1 |       |       ||     1
Evoke: Wand              |       |       |       |       |     6 |     1 ||     7
  Use: Scroll            |     3 |       |    11 |     8 |     6 |     5 ||    33
       Potion            |       |       |       |     6 |     5 |     1 ||    12
 Stab: Distracted        |       |       |       |       |     1 |       ||     1
       Petrifying        |       |       |       |       |       |     1 ||     1
  Eat: Chunk             |       |     7 |     8 |    19 |    28 |    12 ||    74
       Ration            |       |       |     2 |     7 |     5 |     1 ||    15
Armor: Scale mail        |    38 |    46 |    62 |       |       |       ||   146
       Plate armour      |       |       |    36 |   475 |   422 |   169 ||  1102
Dodge: Dodged            |    19 |    62 |    66 |   237 |   184 |    70 ||   638
Block: Shield            |    41 |    96 |   169 |   636 |   559 |   207 ||  1708

Table legend:
 A = Non-vault XP
 B = Vault XP
 C = Vault XP percentage of total XP
 D = Non-vault monster count
 E = Vault monster count
 F = Vault count percentage of total count
                 A         B        C        D         E       F
            +---------+---------+-------+---------+---------+-------
      Total |  114475 |   49389 |  30.1 |     625 |     218 |  25.9
            +---------+---------+-------+---------+---------+-------
        D:1 |      12 |       0 |   0.0 |       7 |       0 |   0.0
        D:2 |      76 |      36 |  32.1 |      15 |       1 |   6.2
        D:3 |     139 |      39 |  21.9 |      35 |      13 |  27.1
        D:4 |     481 |     685 |  58.7 |      30 |       1 |   3.2
        D:5 |     265 |       0 |   0.0 |      11 |       0 |   0.0
        D:6 |    1028 |     220 |  17.6 |      26 |       1 |   3.7
        D:7 |     685 |     225 |  24.7 |      17 |       2 |  10.5
        D:8 |    1591 |     898 |  36.1 |      23 |       4 |  14.8
        D:9 |    3690 |    1414 |  27.7 |      50 |      25 |  33.3
       D:10 |    3513 |     256 |   6.8 |      52 |       4 |   7.1
       D:11 |    5480 |   11092 |  66.9 |      33 |      27 |  45.0
       D:12 |    7289 |    1885 |  20.5 |      33 |       5 |  13.2
       D:13 |   12091 |    2154 |  15.1 |      40 |       1 |   2.4
       D:14 |   15884 |    7256 |  31.4 |      48 |      11 |  18.6
       D:15 |   17230 |    1113 |   6.1 |      40 |       1 |   2.4
     Temple |     549 |     175 |  24.2 |       7 |       1 |  12.5
     Lair:1 |    3933 |     407 |   9.4 |      20 |       4 |  16.7
     Lair:2 |    3130 |     737 |  19.1 |      15 |       2 |  11.8
     Lair:3 |    2902 |     137 |   4.5 |      13 |       1 |   7.1
     Lair:4 |    5649 |     466 |   7.6 |      24 |       8 |  25.0
     Lair:5 |    9741 |    3409 |  25.9 |      21 |       7 |  25.0
     Lair:6 |   13775 |   10294 |  42.8 |      30 |      27 |  47.4
      Orc:1 |    2006 |    1673 |  45.5 |      19 |       1 |   5.0
      Orc:2 |    3336 |    4818 |  59.1 |      16 |      71 |  81.6
            +---------+---------+-------+---------+---------+-------
